 Dungeon Crawl Stone Soup version 0.29.1-12-g30fa7ad0bf (webtiles) character file.

Game seed: 7246308928715453114

35 tictacthegrate the Chopper (level 3, -1/33 HPs)
             Began as a Hill Orc Berserker on Jan 1, 2023.
             Was a Follower of Trog.
             Slain by a gnoll
             ... wielding a +0 whip
              (4 damage)
             ... on level 2 of the Dungeon.
             The game lasted 00:09:25 (1798 turns).

tictacthegrate the Chopper (Hill Orc Berserker)     Turns: 1798, Time: 00:09:26

Health: -1/33      AC:  7    Str: 19    XL:     3   Next: 35%
Magic:  3/3        EV: 11    Int:  9    God:    Trog [*.....]
Gold:   59         SH:  0    Dex: 10    Spells: 2/2 levels left

rFire   . . .      SeeInvis .   a - +0 hand axe
rCold   . . .      Faith    .   (no shield)
rNeg    . . .      Spirit   .   e - +0 leather armour
rPois   .          Reflect  .   (no helmet)
rElec   .          Harm     .   (no cloak)
rCorr   .          Rampage  .   (no gloves)
Will    .....                   (no boots)
Stlth   +.........              (no amulet)
HPRegen 0.11/turn               q - +4 ring of protection
MPRegen 0.08/turn               (no ring)

@: lethally poisoned (-1 -> -7)
A: no striking features
a: Renounce Religion, Berserk


You were on level 2 of the Dungeon.
You worshipped Trog.
Trog was aware of your devotion.
You visited 1 branch of the dungeon, and saw 2 of its levels.

You collected 59 gold pieces.

Inventory:

Hand Weapons
 a - a +0 hand axe (weapon)
 i - a +0 whip
 o - a +0 whip
Missiles
 h - 9 poisoned darts (quivered)
Armour
 b - a +0 animal skin
 e - a +0 leather armour (worn)
Magical Staves
 n - a staff of air
Jewellery
 q - a +4 ring of protection (left hand)
Scrolls
 c - a scroll of fear {unknown}
 f - 3 scrolls of identify {unknown}
 k - a scroll of immolation {unknown}
Potions
 d - a potion of haste {unknown}
 g - 2 potions of resistance {unknown}
 j - a potion of curing {unknown}
 l - 3 potions of heal wounds {unknown}
 m - 2 potions of flight {unknown}
 p - 2 potions of mutation {unknown}


   Skills:
 + Level 4.2 Fighting
 + Level 4.8 Axes
 + Level 2.5 Armour
 + Level 1.7 Dodging


You had 2 spell levels left.
You didn't know any spells.
Your spell library contained the following spells:

 Spells                   Type           Power      Damage    Failure   Level
 Scorch                   Fire           0%         2d5       58%         2
 Frozen Ramparts          Ice            0%         1d1       82%         3
 Gell's Gravitas          Tloc           0%         N/A       82%         3
 Lesser Beckoning         Tloc           0%         N/A       82%         3
 Teleport Other           Tloc           0%         N/A       82%         3
 Flame Wave               Conj/Fire      0%         2d4       99%         4
 Ice Form                 Ice/Tmut       0%         N/A       99%         4
 Summon Ice Beast         Ice/Summ       0%         N/A       99%         4
 Summon Cactus Giant      Summ           0%         N/A       100%        6


Dungeon Overview and Level Annotations

Branches:
Dungeon (2/15)

Altars:


Message History

Trog accepts your kill.
l - 3 emerald potions (gained 1)
A worm comes into view.
You open the door.
There is an open door here.
A gnoll comes into view. It is wielding a +0 whip.
The gnoll shouts!
A gnoll comes into view. It is wielding a +0 whip of venom.
The gnoll shouts!
You hear a shout!
A gnoll comes into view. It is wielding a +0 spear.
The worm bites you!
You hit the worm.
The worm is moderately wounded.
You hit the worm but do no damage.
The worm is moderately wounded.
The worm barely misses you.
You hit the worm.
The worm is moderately wounded.
The worm bites you!
You barely miss the worm.
The worm is moderately wounded.
You hit the gnoll. The gnoll hits you with a +0 whip!
You hit the gnoll.
The gnoll is heavily wounded.
You hit the gnoll but do no damage. You hit the worm.
The worm bites you but does no damage.
The gnoll hits you from afar with a +0 spear.
The gnoll hits you but does no damage.
You are lethally poisoned!
The gnoll hits you with a +0 whip.
* * * LOW HITPOINT WARNING * * *
q - a +4 ring of protection (left hand)
* * * LOW HITPOINT WARNING * * *
You feel sick. The gnoll attacks as you move away!
The gnoll hits you but does no damage.
* * * LOW HITPOINT WARNING * * *
You feel sick. The worm barely misses you.
* * * LOW HITPOINT WARNING * * *
You feel sick. The gnoll misses you. The gnoll hits you with a +0 whip.
You die...

# #....# # ###....# #
#......# #......#
#......# #......#
#......# ##'####
#...@g#######
#..#.gg...... .# #
#..#.w....... .##
.##.###..#......... ..
........#......... ..#
#####.####.#......... ...
.......##..#.........
.##########...##.........
##..........#####........


You could see a worm and 3 gnolls.

Vanquished Creatures
  A worm (D:2)
  3 ball pythons
  2 bats (D:1)
  5 endoplasms
  A hobgoblin (D:2)
  4 kobolds
  3 quokkas
  3 frilled lizards
  4 goblins (D:1)
  2 rats (D:2)
28 creatures vanquished.

Notes
Turn   | Place    | Note
-------+----------+-------------------------------------------
     0 | D:1      | tictacthegrate the Hill Orc Berserker began the quest for
                  | the Orb.
     0 | D:1      | Reached XP level 1. HP: 19/19 MP: 1/1
    63 | D:1      | Reached XP level 2. HP: 18/27 MP: 2/2
  1350 | D:2      | Reached XP level 3. HP: 28/33 MP: 3/3
  1798 | D:2      | Slain by a gnoll

Illustrated notes

Levels and vault maps discovered:
D:1:      scummos_arrival_hexagon, layout_basic, kennysheep_doodads
D:2:      layout_basic, serial_shops, nicolae_shop_waterfront

Skill      XL: |  1  2 |
---------------+-------+-----
Fighting       | 4 |  4.2
Axes           | |  4.8
Armour         | |  2.5
Dodging        | |  1.7

Action                   || total
-------------------------++-------
Melee: Hand axe          ||    85
Armor: Leather armour    ||    30
Dodge: Dodged            ||    56
